 Dungeon Crawl Stone Soup version 0.26-a0-30-g56b8cd3df0 (webtiles) character file.

Game seed: 17680752779701640632, levelgen mode: deterministic

16052 MisterFreud the Carver (level 12, -5/82 HPs)
             Began as an Octopode Gladiator on June 3, 2020.
             Was a High Priest of Cheibriados.
             Killed by the air
             ... invoked by Gastronok
              (31 damage)
             ... on level 3 of the Lair of Beasts.
             The game lasted 00:24:51 (13179 turns).

MisterFreud the Carver (Octopode Gladiator)        Turns: 13179, Time: 00:24:52

Health: -5/82      AC:  1    Str: 25    XL:     12   Next: 33%
Magic:  16/16      EV: 34    Int: 27    God:    Cheibriados [*****.]
Gold:   649        SH: 11    Dex: 42    Spells: 11/11 levels left

rFire    + . .     SeeInvis .   s - +3 falchion (elec)
rCold    . . .     Gourm    .   G - +2 buckler
rNeg     . . .     Faith    .   b - +0 hat
rPois    +         Spirit   .   A - amulet of the Sparrow {Acrobat rF+ Dex+4}
rElec    .         Reflect  .   m - +6 ring of dexterity
rCorr    .         Harm     .   q - +6 ring of dexterity
MR       .....                  y - +4 ring of evasion
Stlth    ++++......             N - ring of poison resistance
HPRegen  0.23/turn              (no ring)
MPRegen  0.15/turn              (no ring)
                                (no ring)
                                (no ring)

@: slowed, studying Shields, very slow
A: almost no armour, stealthy swim, amphibious, 8 rings, constrict 8, camouflage
1, gelatinous body 1
a: Bend Time, Temporal Distortion, Slouch, Step From Time, Renounce Religion


You were on level 3 of the Lair of Beasts.
You worshipped Cheibriados.
Cheibriados was extremely pleased with you.
You were very hungry.

You visited 3 branches of the dungeon, and saw 15 of its levels.

You collected 997 gold pieces.
You spent 348 gold pieces at shops.

Inventory:

Hand Weapons
 s - a +3 falchion of electrocution (weapon)
Missiles
 c - 2 throwing nets
 k - 5 curare-tipped darts
 u - 13 boomerangs (quivered)
 z - 40 poisoned darts
Armour
 b - a +0 hat (worn)
 G - a +2 buckler (worn)
Jewellery
 m - a +6 ring of dexterity (left tentacle)
 q - a +6 ring of dexterity (right tentacle)
 y - a +4 ring of evasion (on tentacle)
 A - the amulet of the Sparrow (around mantle) {Acrobat rF+ Dex+4}
   (You found it on level 5 of the Dungeon)

   [amulet of the acrobat]

   It helps you evade while moving and waiting.
   It affects your dexterity (+4).
   It protects you from fire.
 N - a ring of poison resistance (on tentacle)
Wands
 a - a wand of clouds (3)
 g - a wand of polymorph (17)
 h - a wand of digging (8)
 B - a wand of iceblast (21)
 M - a wand of disintegration (5)
Scrolls
 i - a scroll of immolation
 n - 12 scrolls of remove curse
 p - 3 scrolls of fog
 r - 4 scrolls of blinking
 v - 2 scrolls of enchant armour {unknown}
 w - 4 scrolls of teleportation
 C - 3 scrolls of amnesia {unknown}
 F - 3 scrolls of magic mapping {unknown}
 H - 2 scrolls of fear
 I - a scroll of enchant weapon
 J - a scroll of random uselessness {unknown}
 L - a scroll of vulnerability {unknown}
 S - a scroll of identify
Potions
 e - 5 potions of curing
 f - a potion of heal wounds
 j - 4 potions of might
 l - 4 potions of lignification
 o - 3 potions of flight
 t - 3 potions of degeneration
 x - a potion of invisibility
 K - 2 potions of stabbing
 O - 2 potions of mutation {unknown}
 P - 2 potions of magic
 Q - 2 potions of ambrosia {unknown}
Books
 D - a manual of Shields
Miscellaneous
 E - a tin of tremorstones (3/3)
 T - a phial of floods
Comestibles
 d - 30 rations


   Skills:
 - Level 8.0 Fighting
 + Level 12.4 Long Blades
 - Level 2.0 Throwing
 - Level 12.0 Dodging
 + Level 5.5 Shields
 - Level 6.0 Invocations


You had 11 spell levels left.
You didn't know any spells.
Your spell library contained the following spells:

 Spells                   Type           Power        Failure   Level  Hunger
 Corona                   Hex            #......      12%         1    ##.....
 Magic Dart               Conj           #...         12%         1    ##.....
 Shock                    Conj/Air       #...         12%         1    ##.....
 Ensorcelled Hibernation  Hex/Ice        #.....       19%         2    ###....
 Searing Ray              Conj           #.....       19%         2    ###....
 Swiftness                Chrm/Air       #.......     19%         2    ###....
 Confusing Touch          Hex            #.......     34%         3    ####...
 Dazzling Flash           Conj/Hex       #.....       34%         3    ####...
 Static Discharge         Conj/Air       #.......     34%         3    ####...
 Tukima's Dance           Hex            #.......     34%         3    ####...
 Airstrike                Air            #.........   75%         4    #####..
 Fulminant Prism          Conj/Hex       #.........   75%         4    #####..
 Iskenderun's Mystic Bla  Conj/Tloc      #.......     75%         4    #####..
 Lightning Bolt           Conj/Air       #.........   97%         5    ######.


Dungeon Overview and Level Annotations

Branches:
Dungeon (11/15)            Temple (1/1) D:5            Lair (3/6) D:9
  Snake (0/4) Lair:2          Orc (0/2) D:9
  Swamp: Lair:2-4    Shoals: Lair:2-4

Altars:
Ashenzari
Cheibriados
Dithmenos
Elyvilon
Fedhas
Gozag
Hepliaklqana
Kikubaaqudgha
Makhleb
Nemelex Xobeh
Okawaru
Qazlal
Ru
Sif Muna
Trog
Uskayaw
Vehumet
Wu Jian
Xom
Yredelemnul
Zin
The Shining One

Shops:
D:6 [**   D:9 *([[

Annotations:
D:8 3 runed translucent doors, Lugonue's ghost, novice DsGl
Lair:3 Gastronok


Innate Abilities, Weirdness & Mutations

You cannot wear most types of armour.
You are very stealthy in the water. (Stealth+)
You are amphibious.
You can wear up to eight rings at the same time.
You can use your tentacles to constrict eight enemies at once.
Your skin changes colour to match your surroundings (Stealth+).
Your rubbery body absorbs attacks. (AC +1, EV +1)


Message History

Gastronok completely misses you.
You riposte.
You hit Gastronok.
You squeeze Gastronok, but do no damage.
Gastronok is moderately wounded.
You slash Gastronok! Lightning courses through Gastronok!
You squeeze Gastronok!
Gastronok is heavily wounded.
You slash Gastronok! You squeeze Gastronok.
Gastronok is severely wounded.
Gastronok waves his eye-stalks in wide circles.
The air twists around and strikes you!!
You are too injured to fight recklessly!
You are too injured to fight recklessly!
You are too injured to fight recklessly!
You hit Gastronok but do no damage. You squeeze Gastronok.
Gastronok is severely wounded.
You hit Gastronok.
Gastronok is severely wounded.
Gastronok waves his eye-stalks in wide circles.
The air twists around and strikes you!!
You die...

.#.................÷.............
.................................
.............................>...
.................................
..........................#......
..........=.........####.P###....
##......##.######.....##.###....P
.##.....###.#.###w...#....###...#
..†.....##.....#@....#P...P#P...#
..†.....#......#.....#P...+.....#
.#......#.......#.....+....#....#
.##.....#........<..#.##.........
^.......#...........###P.###....#
.##...(......P......#.#...###...#
.#...............................
.................................
.................................


You could see Gastronok (swift).

Vanquished Creatures
  A hydra (Lair:2)
  A catoblepas (Lair:3)
  Sonja (Lair:1)
  A fire crab (Lair:3)
  An unseen horror (D:11)
  Pikel (D:8)
  3 spiny frogs
  A black mamba (Lair:3)
  3 rime drakes
  3 hippogriffs
  18 yaks
  A shadow (D:11)
  2 wyverns (D:8)
  A hungry ghost (D:10)
  2 steam dragons
  3 nagas (Lair:2)
  An acid dragon (D:11)
  2 water moccasins
  9 orc warriors
  2 porcupines
  A necrophage (D:9)
  A sky beast (D:8)
  4 slaves (D:8)
  7 ice beasts
  3 phantoms
  3 ogres
  6 wolves (Lair:2)
  2 centaurs
  2 crocodiles
  9 bullfrogs
  A water moccasin zombie (D:6)
  6 scorpions
  3 killer bees (D:10)
  3 wights (D:7)
  An electric eel (Lair:3)
  A howler monkey (D:4)
  6 crimson imps
  A bullfrog zombie (D:9)
  2 quasits
  A gnoll shaman (D:7)
  A centaur skeleton (D:9)
  7 orc priests
  5 hounds
  4 jellies
  10 orc wizards
  An iguana (D:8)
  5 worker ants
  A killer bee zombie (D:7)
  2 hound skeletons
  A howler monkey skeleton (D:7)
  15 adders
  13 gnolls
  2 shadow imps (D:8)
  An ooze (D:1)
  2 adder zombies
  An adder skeleton (D:4)
  5 dart slugs
  4 leopard geckos
  42 orcs
  6 bats
  6 giant cockroaches
  16 goblins
  11 hobgoblins
  11 jackals
  5 kobolds
  5 quokkas
  3 ball pythons
  A ball python skeleton (D:4)
  4 frilled lizards
  A giant cockroach zombie (D:6)
  2 quokka skeletons
  6 rats
  A plant (D:9)
320 creatures vanquished.

Vanquished Creatures (others)
  13 fungi
  2 plants (D:9)
15 creatures vanquished.

Grand Total: 335 creatures vanquished

Notes
Turn   | Place    | Note
-------+----------+-------------------------------------------
     0 | D:1      | MisterFreud the Octopode Gladiator began the quest for the
                  | Orb.
     0 | D:1      | Reached XP level 1. HP: 14/14 MP: 1/1
   422 | D:1      | Reached XP level 2. HP: 17/20 MP: 2/2
  1076 | D:1      | Reached XP level 3. HP: 26/26 MP: 3/3
  1657 | D:2      | Reached XP level 4. HP: 33/33 MP: 4/4
  2169 | D:3      | Reached XP level 5. HP: 29/37 MP: 5/5
  2523 | D:3      | Reached skill level 5 in Long Blades
  2552 | D:3      | Reached XP level 6. HP: 6/43 MP: 6/6
  3571 | D:4      | Found an ornate altar of the Wu Jian Council.
  3863 | D:4      | Reached XP level 7. HP: 40/48 MP: 7/7
  4120 | D:5      | Entered Level 5 of the Dungeon
  4132 | D:5      | Found a staircase to the Ecumenical Temple.
  4146 | Temple   | Entered the Ecumenical Temple
  4337 | Temple   | Became a worshipper of Cheibriados the Contemplative
  4428 | D:5      | Reached skill level 5 in Dodging
  4685 | D:5      | Found a shadowy altar of Dithmenos.
  4685 | D:5      | Noticed a shadow
  4688 | D:5      | Found a hazy altar of Hepliaklqana.
  5063 | D:5      | Got a sparkling brass amulet
  5065 | D:5      | Identified the amulet of the Sparrow {Acrobat rF+ Dex+4}
                  | (You found it on level 5 of the Dungeon)
  5097 | D:5      | Reached * piety under Cheibriados
  5262 | D:6      | Reached XP level 8. HP: 54/54 MP: 8/8
  5267 | D:6      | Found Yxigry's Assorted Antiques.
  5287 | D:6      | Bought a metallic ruby potion for 22 gold pieces
  5288 | D:6      | Bought a curved ivory wand for 100 gold pieces
  5583 | D:6      | Found a hide-covered altar of Uskayaw.
  5599 | D:6      | Noticed a +0 dagger
  5600 | D:6      | Noticed a +0 dagger
  5627 | D:6      | Found Koteus's Antique Armour Shoppe.
  5652 | D:6      | Found Efel's General Store.
  5660 | D:6      | Bought a scroll of teleportation for 36 gold pieces
  5660 | D:6      | Bought a scroll of blinking for 90 gold pieces
  5843 | D:6      | Found a sacrificial altar of Ru.
  6438 | D:7      | Reached XP level 9. HP: 59/59 MP: 9/9
  6444 | D:7      | Reached ** piety under Cheibriados
  6597 | D:7      | Reached skill level 5 in Fighting
  6751 | D:7      | Found a shattered altar of Ashenzari.
  6958 | D:7      | Reached skill level 1 in Shields
  7117 | D:8      | Reached *** piety under Cheibriados
  7134 | D:8      | Noticed Pikel
  7192 | D:8      | Killed Pikel
  7536 | D:8      | Reached XP level 10. HP: 52/68 MP: 10/10
  7732 | D:8      | Found a shimmering blue altar of Sif Muna.
  7732 | D:8      | Found a blossoming altar of Fedhas.
  8041 | D:8      | Reached **** piety under Cheibriados
  8372 | D:8      | Found a runed translucent gate.
  8372 | D:8      | Found a runed translucent gate.
  8372 | D:8      | Found a runed translucent gate.
  8377 | D:8      | Noticed Lugonue's ghost (novice DsGl)
  8637 | D:9      | Reached skill level 1 in Invocations
  8678 | D:9      | Found a staircase to the Orcish Mines.
  8754 | D:9      | Reached ***** piety under Cheibriados
  8879 | D:9      | Found Oweot's Antique Armour Emporium.
  8959 | D:9      | Reached skill level 10 in Long Blades
  9097 | D:9      | Found Haosutra's Assorted Antiques.
  9165 | D:9      | Found Jopra's Weapon Boutique.
  9197 | D:9      | Found Jyagat's Armour Shoppe.
  9250 | D:9      | Found a staircase to the Lair.
  9345 | D:9      | Bought a worn silver wand for 100 gold pieces
  9807 | D:10     | Entered Level 10 of the Dungeon
  9966 | D:10     | Reached skill level 10 in Dodging
 10453 | D:11     | Reached XP level 11. HP: 75/75 MP: 14/14
 10466 | D:11     | Reached skill level 5 in Invocations
 10496 | D:11     | Killed an unseen horror
 10583 | Lair:1   | Entered Level 1 of the Lair of Beasts
 10801 | Lair:1   | Noticed Sonja
 10805 | Lair:1   | Killed Sonja
 11565 | Lair:2   | Noticed a four-headed hydra
 11643 | Lair:2   | Killed a four-headed hydra
 12042 | Lair:2   | Found a staircase to the Snake Pit.
 12480 | Lair:3   | Noticed a catoblepas
 12530 | Lair:3   | Reached XP level 12. HP: 70/82 MP: 16/16
 12921 | Lair:3   | Noticed Gastronok
 12922 | Lair:3   | Killed a catoblepas
 12922 | Lair:3   | Reached skill level 5 in Shields
 13179 | Lair:3   | Killed from afar by Gastronok

Illustrated notes

Levels and vault maps discovered:
D:1:      nagdon_arrival_double_spiral, layout_loops_corners
D:2:      layout_rooms, first_ration, minmay_vboxes
D:3:      layout_rooms
D:4:      layout_cave_pods, kennysheep_mini_moat
D:5:      layout_rooms, riverfiend_overflow_shadow_ancestor,
          minmay_temple_entry_slanted
D:6:      layout_basic, dancing_weapons_uskayaw, serial_shops, kennysheep_mini,
          shop, kennysheep_little_box, basic_altar, minmay_manual_mandibuliform
D:7:      minmay_angry_zag, layout_loops_cross, lemuel_doored_altar
D:8:      layout_gridville, gammafunk_temple_overflow_pools,
          ebering_ghost_rock_garden, uniq_pikel
D:9:      layout_long_grid, grunt_lair_entry_orc_guard_hut, erik_orc_3,
          serial_bayou, serial_bayou_pond_d, serial_bayou_lagoon_a,
          serial_bayou_shore_a, serial_bayou_pond_e, serial_shops, shop,
          nicolae_shop_overgrown_old_shop, shop, shop
D:10:     layout_loops_ring
D:11:     layout_roguey, serial_shops, statue_bzr, enter_bailey_3, dk_vineyard_2
Temple:   regret_index_temple_generic_petals
Lair:1:   layout_cave_pods, infiniplex_staircase_pool_2, grunt_megastairs_2,
          uniq_sonja
Lair:2:   layout_big_grid, minmay_snake_entry_guardpost_small,
          grunt_megastairs_5
Lair:3:   minmay_lair_oklob_tunnel, layout_regular_city, lemuel_fruit_tree,
          lemuel_fruit_fields, infiniplex_staircase_pool, lemuel_fruit_fields,
          uniq_gastronok

Skill      XL: |  1  2  3  4  5  6  7  8  9 10 11 12 |
---------------+-------------------------------------+-----
Fighting       | 3 4 6 7 8 |  8.0
Long Blades    | 4 5 6 7 9 10 11 12 | 12.4
Dodging        | 4 6 8 9 10 11 12 | 12.0
Shields        | 4 5 |  5.5
Invocations    | 4 6 |  6.0
Throwing       | |  2.0

Action                   |  1- 3 |  4- 6 |  7- 9 | 10-12 || total
-------------------------+-------+-------+-------+-------++-------
Melee: Long sword        |    49 |    44 |       |       ||    93
       Constrict         |    13 |    33 |    57 |    48 ||   151
       Tentacles         |     7 |    28 |    65 |   139 ||   239
       Falchion          |       |    53 |   164 |   263 ||   480
Throw: Boomerang         |       |       |    47 |    74 ||   121
       Throwing net      |       |       |     1 |       ||     1
Invok: Slouch            |       |       |       |     4 ||     4
Evoke: Wand              |       |       |       |     9 ||     9
  Use: Potion            |       |     2 |       |     1 ||     3
       Scroll            |       |    12 |     4 |     5 ||    21
 Stab: Sleeping          |     5 |     5 |    21 |     9 ||    40
       Distracted        |       |       |     1 |     1 ||     2
  Eat: Chunk             |     2 |     7 |     8 |     9 ||    26
Armor: Skin              |     1 |     2 |       |     2 ||     5
Dodge: Dodged            |    23 |    67 |   112 |   170 ||   372
Block: Buckler           |       |       |     8 |   115 ||   123
       Rpst.: Long sword |     5 |    10 |       |       ||    15
       Falchion          |       |    17 |    35 |    38 ||    90

Table legend:
 A = Non-vault XP
 B = Vault XP
 C = Vault XP percentage of total XP
 D = Non-vault monster count
 E = Vault monster count
 F = Vault count percentage of total count
                 A         B        C        D         E       F
            +---------+---------+-------+---------+---------+-------
      Total |   17642 |    5290 |  23.1 |     268 |      47 |  14.9
            +---------+---------+-------+---------+---------+-------
        D:1 |      34 |       0 |   0.0 |      15 |       0 |   0.0
        D:2 |     107 |      11 |   9.3 |      25 |       5 |  16.7
        D:3 |     212 |       0 |   0.0 |      34 |       0 |   0.0
        D:4 |     363 |       0 |   0.0 |      21 |       0 |   0.0
        D:5 |     443 |       0 |   0.0 |      18 |       0 |   0.0
        D:6 |     692 |     352 |  33.7 |      15 |       4 |  21.1
        D:7 |    1046 |     127 |  10.8 |      32 |       4 |  11.1
        D:8 |    1983 |     607 |  23.4 |      37 |       1 |   2.6
        D:9 |    1040 |    1245 |  54.5 |      15 |      22 |  59.5
       D:10 |     635 |       0 |   0.0 |       9 |       0 |   0.0
       D:11 |    1703 |       0 |   0.0 |      11 |       0 |   0.0
     Lair:1 |    1015 |     820 |  44.7 |       5 |       1 |  16.7
     Lair:2 |    1333 |    2128 |  61.5 |       6 |      10 |  62.5
     Lair:3 |    7036 |       0 |   0.0 |      25 |       0 |   0.0
            +---------+---------+-------+---------+---------+-------
